 Dungeon Sprint DCSS version 0.19-a0-1827-g174f941 (webtiles) character file.

1505 Theye the Carver (level 8, -9/81 HPs)
             Began as a Deep Dwarf Fighter on Oct 7, 2016.
             Was a Believer of Trog.
             Mangled by an orange demon (11 damage)
             ... summoned by a kobold demonologist
             ... in the Dungeon (Sprint I: "Red Sonja").
             The game lasted 00:02:47 (360 turns).

Theye the Carver (Deep Dwarf Fighter)                Turns: 360, Time: 00:02:47

Health: -9/81      AC: -19   Str: 21      XL:     8   Next: 52%
Magic:  5/5        EV: 10    Int:  8      God:    Trog [**....]
Gold:   727        SH: 11    Dex: 10 (14) Spells: 0 memorised, 7 levels left

rFire  . . .     SeeInvis .     a - +0 long sword
rCold  . . .     Gourm    .     b - +0 scale mail
rNeg   . . .     Faith    .     c - +0 shield
rPois  .         Spirit   .     (no helmet)
rElec  .         Dismiss  .     (no cloak)
rCorr  .         Reflect  .     (no gloves)
MR     +....     Harm     .     (no boots)
Stlth  .......... NoTele   +    (no amulet)
                                (no ring)
                                (no ring)

@: lethally poisoned (-9 -> -9), exhausted, weakened, corroded, non-regenerating
A: damage resistance, recharge devices, sense surroundings 1, slow regeneration
3
a: Device Recharging, Berserk, Trog's Hand, Burn Spellbooks, Renounce Religion


You were in the Dungeon.
You worshipped Trog.
Trog was pleased with you.
You were hungry.

You visited 1 branch You collected 727 gold pieces.

Inventory:

Hand Weapons
 a - a +0 long sword (weapon)
Armour
 b - a +0 scale mail (worn)
 c - a +0 shield (worn)
Wands
 e - a wand of heal wounds (3/9)
Scrolls
 l - a scroll of blinking
Potions
 j - 2 potions of magic
Comestibles
 f - a bread ration


   Skills:
 + Level 7.7 Fighting
 * Level 12.2 Long Blades
 + Level 9.9 Armour
 + Level 3.5 Dodging
 + Level 9.8 Shields


You had 7 spell levels left.
You didn't know any spells.

Dungeon Overview and Level Annotations

Branches:
Dungeon (1/1)

Altars:
Cheibriados
Dithmenos
Elyvilon
Fedhas
Gozag
Hepliaklqana
Kikubaaqudgha
Makhleb
Nemelex Xobeh
Okawaru
Qazlal
Ru
Sif Muna
Trog
Uskayaw
Vehumet
Xom
Yredelemnul
Zin
The Shining One
Jiyva
Lugonu

Shops:
D =*


Innate Abilities, Weirdness & Mutations

You are resistant to damage.
You can recharge devices by infusing magical energy.
You passively map a small area around you.
You do not regenerate.


Message History

You block the kobold demonologist's attack.
You feel better.
The hellwing disappears in a puff of smoke!
The quasit barely misses you. The quasit claws you.
You block the quasit's attack. The orange demon stings you from afar!
* * * LOW HITPOINT WARNING * * *
You are poisoned.
The orange demon poisons you! The rust devil hits you.
* * * LOW HITPOINT WARNING * * *
The rust devil corrodes you! You block the quasit's attack.
The quasit closely misses you. The quasit claws you.
The kobold demonologist hits you with a dagger.
* * * LOW HITPOINT WARNING * * *
Unknown command.
Unknown command.
Charge which item? (? for menu, Esc to quit)
Your wand of heal wounds (0/9) glows for a moment and now has 3 charges.
The rust devil disappears in a puff of smoke!
The orange demon stings you from afar!
You die...

#####################
*
.').#..'..#__#.5@§§5#
,
.#..').#..'..'..#K4.#
+ ,*
###'#####'#__####5..+
, * ##..#...#.####,
##### , _####..##(# ≈
,* * ____##'#..+ ≈ ,,
,, , , .∩...†..._# ,
..__##_(#+# + + *
____###'# ,,


You could see an orange demon, a kobold demonologist and 2 quasits.

Vanquished Creatures
  Sonja (D)
  A kobold demonologist (D)
  A slime creature (D)
  Sigmund (D)
  A yak (D)
  A floating eye (D)
  An ogre (D)
  A jelly (D)
  Ijyb (D)
  2 ballistomycetes (D)
11 creatures vanquished.

Vanquished Creatures (others)
  A gargoyle (D)
  2 ballistomycete spores (D)
3 creatures vanquished.

Grand Total: 14 creatures vanquished

Notes
Turn   | Place    | Note
-------+----------+-------------------------------------------
     0 | D        | Theye the Deep Dwarf Fighter began the quest for the Orb.
     0 | D        | Reached XP level 1. HP: 20/20 MP: 1/1
     2 | D        | Noticed Ijyb
     7 | D        | Killed Ijyb
     7 | D        | Reached skill level 3 in Long Blades
     7 | D        | Reached XP level 2. HP: 28/30 MP: 2/2
    11 | D        | Noticed an ogre
    20 | D        | Killed an ogre
    20 | D        | Reached skill level 5 in Long Blades
    20 | D        | Reached skill level 5 in Armour
    20 | D        | Reached skill level 1 in Dodging
    20 | D        | Reached skill level 5 in Shields
    20 | D        | Reached XP level 3. HP: 23/38 MP: 3/3
    20 | D        | Reached XP level 4. HP: 27/45 MP: 4/4
    34 | D        | Noticed Sigmund
    42 | D        | Killed Sigmund
    42 | D        | Reached skill level 5 in Fighting
    42 | D        | Reached skill level 7 in Long Blades
    42 | D        | Reached XP level 5. HP: 55/55 MP: 5/5
    98 | D        | Found a deep blue altar of Sif Muna.
   100 | D        | Found a radiant altar of Vehumet.
   104 | D        | Reached XP level 6. HP: 62/62 MP: 6/6
   109 | D        | Found Dyothrop's General Store.
   109 | D        | Found an ancient bone altar of Kikubaaqudgha.
   109 | D        | Found a hazy altar of Hepliaklqana.
   109 | D        | Found a stormy altar of Qazlal.
   109 | D        | Found a hide-covered altar of Uskayaw.
   109 | D        | Found a blossoming altar of Fedhas.
   109 | D        | Found a bloodstained altar of Trog.
   109 | D        | Found an iron altar of Okawaru.
   109 | D        | Found a basalt altar of Yredelemnul.
   109 | D        | Found a glowing golden altar of the Shining One.
   109 | D        | Found a snail-covered altar of Cheibriados.
   109 | D        | Found a sacrificial altar of Ru.
   109 | D        | Found a glowing silver altar of Zin.
   109 | D        | Found a shadowy altar of Dithmenos.
   109 | D        | Found a white marble altar of Elyvilon.
   109 | D        | Noticed a yak
   122 | D        | Killed a yak
   122 | D        | Reached skill level 9 in Long Blades
   123 | D        | Found an opulent altar of Gozag.
   124 | D        | Found a sparkling altar of Nemelex Xobeh.
   129 | D        | Became a worshipper of Trog the Wrathful
   154 | D        | Noticed Sonja
   179 | D        | Killed Sonja
   179 | D        | Reached skill level 11 in Long Blades
   179 | D        | Reached XP level 7. HP: 22/72 MP: 7/7
   189 | D        | HP: 1/72 [something (7)]
   234 | D        | Killed a gargoyle
   246 | D        | Found Yskum's Jewellery Boutique.
   277 | D        | Found a burning altar of Makhleb.
   277 | D        | Found a viscous altar of Jiyva.
   277 | D        | Found a shimmering altar of Xom.
   277 | D        | Found a corrupted altar of Lugonu.
   277 | D        | Noticed a slime creature
   286 | D        | Killed a slime creature
   286 | D        | Reached * piety under Trog
   286 | D        | Reached XP level 8. HP: 50/80 MP: 7/7
   300 | D        | Noticed a kobold demonologist
   301 | D        | Noticed a smoke demon
   301 | D        | Noticed a kobold demonologist
   303 | D        | Noticed a smoke demon
   318 | D        | Killed a kobold demonologist
   318 | D        | Reached ** piety under Trog
   318 | D        | Reached skill level 12 in Long Blades
   324 | D        | Noticed an orange demon
   330 | D        | Noticed an orange demon
   337 | D        | Noticed a rust devil
   343 | D        | Noticed a hellwing
   351 | D        | Noticed a rust devil
   355 | D        | Noticed an orange demon
   359 | D        | HP: 2/81 [kobold demonologist/dagger (3)]
   360 | D        | Mangled by an orange demon

Vault maps used:
D:        dungeon_sprint_1

Skill      XL: |  1  2  3  4  5  6  7  8 |
---------------+-------------------------+-----
Fighting       | 3 4 5 6 7 |  7.7
Long Blades    | 3 5 7 11 12 | 12.2
Armour         | 4 5 7 9 |  9.9
Shields        | 4 5 6 8 9 |  9.8
Dodging        | 1 3 |  3.5

Action                   |  1- 3 |  4- 6 |  7- 9 || total
-------------------------+-------+-------+-------++-------
Melee: Long sword        |    12 |    39 |    60 ||   111
Invok: Berserk           |       |       |     1 ||     1
 Abil: Device Recharging |       |       |     3 ||     3
Evoke: Wand              |       |     4 |    11 ||    15
  Use: Potion            |       |     4 |     3 ||     7
Armor: Scale mail        |       |    15 |    46 ||    61
Dodge: Dodged            |     2 |     9 |    58 ||    69
Block: Shield            |     6 |    27 |    80 ||   113
       Rpst.: Long sword |       |     2 |     8 ||    10
